 Dungeon Crawl Stone Soup version 0.30-a0-782-ge64f9170bb (webtiles) character file.

Game seed: 16978916953177377147

35 tilp the Trooper (level 3, -3/33 HPs)
             Began as a Meteoran Fighter on Mar 16, 2023.
             Slain by an iguana (10 damage)
             ... on level 4 of the Dungeon.
             The game lasted 00:02:33 (502 turns).

tilp the Trooper (Meteoran Fighter)                  Turns: 502, Time: 00:02:33

Health: -3/33      AC:  8    Str: 17    XL:     3   Next: 79%
Magic:  4/4        EV:  9    Int: 10    God:
Gold:   61         SH:  5    Dex: 15    Spells: 2/2 levels left

rFire   . . .      SeeInvis .    a - +1 long sword
rCold   . . .      Faith    .    c - +0 buckler
rNeg    . . .      Spirit   .    b - +0 scale mail
rPois   .          Reflect  .    (no helmet)
rElec   .          Harm     .    (no cloak)
rCorr   .          Rampage  .    (no gloves)
Will    +....                    f - +0 pair of boots Stlth
                                 (no amulet)
HPRegen 0.25/turn                k - ring of willpower
MPRegen 0.09/turn                (no ring)

@: mighty, glowing
A: sense surroundings 1, otherworldly, glowing, explore regen
a: no special abilities


You were on level 4 of the Dungeon.
You visited 1 branch of the dungeon, and saw 4 of its levels.

You collected 61 gold pieces.

Inventory:

Hand Weapons
 a - a +1 long sword (weapon)
Missiles
 i - 3 poisoned darts (quivered)
 j - 9 stones
Armour
 b - a +0 scale mail (worn)
 c - a +0 buckler (worn)
 f - a +0 pair of boots (worn)
Jewellery
 k - a ring of willpower (left hand)
 m - a ring of see invisible
Wands
 l - a wand of quicksilver (8)
Scrolls
 h - a scroll of identify
Potions
 d - a potion of might
 g - a potion of curing
Miscellaneous
 e - a piece from Xom's chessboard (15/15)


   Skills:
 + Level 3.7 Fighting
 * Level 3.6 Long Blades
 - Level 3.6 Armour
 + Level 1.5 Dodging
 - Level 3.6 Shields


You had 2 spell levels left.
You didn't know any spells.
Your spell library was empty.

Dungeon Overview and Level Annotations

Branches:
Dungeon (4/15) Zot: 1878
 Temple: D:4-7

Altars:
Nemelex Xobeh
Xom

Annotations:
D:4 1 transporter


Innate Abilities, Weirdness & Mutations

You passively map a small area around you.
You are easily found by Zot.
You glow in the dark.
You regain HP and MP as you explore.


Message History

Found 19 gold pieces.
The shadow imp shouts, "Take thy face hence, thou artless nut-hook jarkman!"
The iguana hisses angrily.
The orc priest shouts!
The orc priest shouts!
The iguana bites you but does no damage.
Found 14 gold pieces.
The iguana bites you! The iguana barely misses you.
The iguana attacks as you move away!
The iguana bites you but does no damage.
The iguana attacks as you move away! The iguana barely misses you.
Found 9 stones, a club and a copper wand.
Found two stone staircases leading down.
You hit the iguana.
The iguana is moderately wounded.
The iguana bites you but does no damage.
You hit the iguana.
The iguana is moderately wounded.
The iguana bites you!
You hit the iguana.
The iguana is heavily wounded.
The iguana bites you! The gnoll closely misses you.
You hit the iguana but do no damage.
The iguana is heavily wounded.
The iguana bites you!
* * * LOW HITPOINT WARNING * * *
The gnoll completely misses you. You block the iguana's attack.
The gnoll hits you from afar with a +0 halberd.
* * * LOW HITPOINT WARNING * * *
Unknown command.
You feel much better. The iguana closely misses you.
The gnoll completely misses you.
You feel very mighty all of a sudden. The iguana bites you!
The gnoll hits you but does no damage.
The gnoll hits you from afar with a +0 halberd!
* * * LOW HITPOINT WARNING * * *
You closely miss the iguana.
The iguana is heavily wounded.
The iguana bites you!
You die...

#.........
#######...<.....
#............... * * #
#######............... ,
..#.....#......©.....##.
, ........#.g#########.#
,
....)...#..#8P$©$P8#...
..>.....#..#~..(..~#.#..
.......@##.####+####....
, .......l#.$#5≈...≈o#..
.......gg..#o≈...≈.#.
.(.........#.≈~~~≈ , ,
..........$#.≈~⌠~≈,
#..........#.≈~~P≈ *
#......#...#.≈...≈ *
#......#...#.≈...≈ *
#>.....#...####+#


You could see an iguana and 2 gnolls.

Vanquished Creatures
  A worm (D:2)
  A dart slug (D:2)
  5 endoplasms
  A giant cockroach (D:2)
  4 goblins
  3 hobgoblins
  4 jackals (D:1)
  4 ball pythons
  2 bats
  A frilled lizard (D:1)
26 creatures vanquished.

Notes
Turn   | Place    | Note
-------+----------+-------------------------------------------
     0 | D:1      | tilp the Meteoran Fighter began the quest for the Orb.
     0 | D:1      | Reached XP level 1. HP: 19/19 MP: 2/2
    68 | D:1      | Reached XP level 2. HP: 23/26 MP: 3/3
   107 | D:1      | Reached skill level 1 in Dodging
   113 | D:1      | Reached XP level 3. HP: 22/31 MP: 4/4
   149 | D:2      | Found a faded altar of an unknown god.
   444 | D:3      | Found a shimmering altar of Xom.
   460 | D:3      | Found a sparkling altar of Nemelex Xobeh.
   478 | D:4      | Found a transporter.
   502 | D:4      | Slain by an iguana

Illustrated notes

Levels and vault maps discovered:
D:1:      nicolae_arrival_washed_ashore, layout_rooms
D:2:      layout_loops_cross, hellmonk_ecumenical_altar_lost_god, serial_shops,
          shop, serial_forest, infiniplex_forest_clump_tiny,
          infiniplex_forest_lined_3, infiniplex_forest_clump_double,
          infiniplex_forest_lined_3, infiniplex_forest_lined_corner,
          infiniplex_forest_clump_tiny
D:3:      layout_basic, xom_butterflies, lemuel_crystal_altar
D:4:      gammafunk_wand_slinger, layout_rooms, minmay_temple_entry_glass,
          gup_sewer_entry_bowl, dreamdust_gnoll_farm

Skill      XL: |  1  2 |
---------------+-------+-----
Long Blades    | 3 |  3.6
Dodging        | 1 |  1.5
Fighting       | |  3.7
Armour         | |  3.6
Shields        | |  3.6

Action                     || total
---------------------------++-------
  Melee: Long sword        ||    67
    Use: Scroll            ||     6
         Potion            ||     2
 Armour: Scale mail        ||    44
  Dodge: Dodged            ||    28
  Block: Buckler           ||    17

Table legend: (Time is in decaauts)
 A = Elapsed time spent in this place.
 B = Non-inter-level travel time spent in this place.
 C = Inter-level travel time spent in this place.
 D = Time resting spent in this place.
 E = Time spent auto-exploring this place.
 F = Levels seen in this place.
 G = Mean time per level.
                   A        B        C        D        E       F      G
               +--------+--------+--------+--------+--------+-----+--------+
         Total |    520 |    480 |     40 |      0 |      0 |   4 |  130.0 |
       Dungeon |    520 |    480 |     40 |      0 |      0 |   4 |  130.0 |
               +--------+--------+--------+--------+--------+-----+--------+

Top non-repeatable levels by time:
     D:2: 252 daAuts
     D:1: 156 daAuts
     D:3: 86 daAuts
     D:4: 24 daAuts
